 Dungeon Crawl Stone Soup version 0.31-a0-675-g238779eb0a (webtiles) character file.

Game seed: 1720189344096784466

2002 cforsyth the Fighter (level 9, -7/62 (71) HPs)
             Began as a Djinni Chaos Knight on Sept 6, 2023.
             Was a Plaything of Xom.
             Mangled by a gnoll sergeant
             ... wielding a +0 trident
              (10 damage)
             ... on level 6 of the Dungeon.
             The game lasted 00:15:33 (4919 turns).

cforsyth the Fighter (Djinni Chaos Knight)          Turns: 4919, Time: 00:15:34

HP:   -7/62 (71)    AC:  6    Str:  7      XL:     9   Next: 45%
Gold: 495           EV: 12    Int: 17      God:    Xom [......] SH:  5 Dex: 16 (17)

rFire   + + .        a - +0 falchion (chaos)
rCold   . . .        (no shield)
rNeg    . . .        b - +2 leather armour
rPois   ∞            y - +1 hat
rElec   +            (no cloak)
rCorr   .            (no gloves)
SInv    +            (boots unavailable)
Will    .....        f - amulet of Gokhlixoa {Reflect rElec Regen+ Str-3 SH+5 SInv}
Stlth   +            c - ring of wizardry
HPRegen 1.10/turn    r - ring of protection from cold
MPRegen 0.00/turn

%: reflection, wizardry (x1), infuse magic (-8 HP)
@: flying, heavily drained
A: sickness immunity, fire resistance 2, cold vulnerability 1, float, innate
caster, HP casting, extra vitality 1, fangs 1, horns 1, agile 1, wild magic 1,
sturdy frame 1
a: Renounce Religion


You were on level 6 of the Dungeon.
You worshipped Xom.
You were a very special plaything of Xom.
You visited 1 branch of the dungeon, and saw 6 of its levels.
You also visited: Ossuary.

You collected 495 gold pieces.

Inventory:

Hand Weapons
 a - a +0 falchion of chaos (weapon)
 u - a +2 falchion of freezing
Missiles
 x - a throwing net
Armour
 b - a +2 leather armour (worn)
 h - a +0 buckler
 o - a +1 leather armour of poison resistance
 y - a +1 hat (worn)
Jewellery
 c - a ring of wizardry (left hand)
 f - the amulet of Gokhlixoa (around neck) {Reflect rElec Regen+ Str-3 SH+5 SInv}
   (You acquired it on level 4 of the Dungeon)

   [amulet of reflection]

   Reflect:   It reflects blocked missile attacks.
   Str-3:     It affects your strength (-3).
   rElec:     It insulates you from electricity.
   SInv:      It lets you see invisible.
   Regen+:    It increases your rate of health regeneration.
   SH+5:      It affects your SH (+5).
 p - a ring of positive energy
 r - a ring of protection from cold (right hand)
 v - a +6 ring of intelligence
Scrolls
 d - 8 scrolls of identify
 k - a scroll of enchant weapon {unknown}
 l - 5 scrolls of teleportation {unknown}
 n - a scroll of poison {unknown}
 q - 2 scrolls of blinking {unknown}
 s - a scroll of enchant armour {unknown}
 t - a scroll of revelation
 A - a scroll of brand weapon {unknown}
Potions
 e - 2 potions of degeneration {unknown}
 g - a potion of mutation
 i - 2 potions of haste {unknown}
 j - a potion of cancellation {unknown}
 w - a potion of curing {unknown}
 z - a potion of heal wounds {unknown}


   Skills:
 + Level 8.8 Fighting
 - Level 2.9 Long Blades
 - Level 1.4 Armour
 - Level 2.5 Dodging
 + Level 5.9 Spellcasting
 + Level 5.9 Conjurations
 + Level 5.9 Hexes
   Level 0.0 Charms
 + Level 5.9 Summonings
 + Level 5.9 Necromancy
 + Level 5.9 Translocations
 + Level 5.9 Transmutations
 + Level 5.9 Fire Magic
 + Level 5.9 Ice Magic
 + Level 5.9 Air Magic
 + Level 5.9 Earth Magic
 + Level 5.9 Poison Magic


You knew the following spells:

 Your Spells              Type           Power      Damage    Failure   Level
a - Magic Dart            Conj           100%       1d8       1%          1
b - Searing Ray           Conj           64%        2d6       1%          2
c - Call Canine Familiar  Summ           32%        N/A       2%          3
d - Mephitic Cloud        Conj/Pois/Air  32%        N/A       2%          3
Your spell library was empty.

Dungeon Overview and Level Annotations

Branches:
Dungeon (6/15)             Temple (0/1) D:5         Ossuary (visited)

Altars:
Elyvilon

Shops:
D:4 *

Annotations:
D:2 1 runed translucent door, Crazy Yiuf


Innate Abilities, Weirdness & Mutations

You are immune to sickness and miasma.
You are immune to poison.
Your flesh is very heat resistant. (rF++)
You are vulnerable to cold. (rC-)
You float through the air rather than walking.
You learn spells naturally, not from books.
Your magical power is your life essence.
You have superior vitality. (+4 MHP)
You have very sharp teeth.
You have a pair of small horns on your head.
You are agile. (Dex +4, Str/Int -1)
Your spells are a little harder to cast, but a little more powerful.
Your movements are slightly less encumbered by armour. (ER -2)


Message History

There's nothing to close nearby.
Unknown command.
There's nothing to close nearby.
A gnoll comes into view. It is wielding a +0 club.
Found 5 stones.
The steam dragon barely misses you. The steam dragon claws you.
You block the gnoll sergeant's attack. The gnoll barely misses you.
The steam dragon attacks as it pursues you!
The steam dragon bites you but does no damage.
The steam dragon misses you.
The gnoll sergeant hits you with a +0 trident!
* * * LOW HITPOINT WARNING * * *
The gnoll hits you but does no damage.
Okay, then.
As you read the scroll of fear, it crumbles to dust.
You assume a fearsome visage.
The steam dragon looks frightened!
The gnoll sergeant easily resists.
The gnoll looks frightened! x2
You block the gnoll sergeant's attack.
Casting: Searing Ray (safe; 1% risk of failure)
Confirm with . or Enter, or press ? or * to list all spells.
Aiming: Mephitic Cloud (safe; 1% risk of failure)
Press: ? - help, Shift-Dir - straight line, f - steam dragon, p - gnoll sergeant
Aim: a steam dragon (almost dead, fleeing, chance to affect: 81%)
The ball explodes into a vile cloud!
The stinking cloud engulfs the steam dragon but does no damage.
The steam dragon is almost dead.
Your attack snaps the steam dragon out of its fear.
The stinking cloud engulfs the gnoll sergeant but does no damage.
* * * LOW HITPOINT WARNING * * *
You hear Xom's avuncular chuckle.
The steam dragon seems to speed up.
The steam dragon is engulfed in noxious fumes.
The steam dragon appears confused.
You block the steam dragon's attack. x2
The gnoll sergeant closely misses you.
The gnoll sergeant hits you from afar with a +0 trident.
* * * LOW HITPOINT WARNING * * *
It was a potion of mutation.
You feel extremely strange. The horns on your head shrink a bit.
Your iridescent scales disappear.
You feel less in control of your magic.
The gnoll sergeant hits you from afar with a +0 trident!
You die...

.............'......##...##<.....
.............#.)....##...##†.....
...####.###)####+#####...........
...####.##..g##§....##...)......#
..........)....§§§..+...........#
.g........).).§.°§..##...##.....#
...............g§§..##...##.....#
..##.##.##...##).....#... #.....#
..#####'##'####.@...##.. #.....#
.............##.....##.. ..(..#
...............(.....#
.................)...#
.....................#
.................(..##
####...###..###.....# ##### ####
#######


You could see a gnoll sergeant and a gnoll (fleeing).

Vanquished Creatures
  Pikel (D:4)
  Sigmund (D:2)
  Eustachio (D:4)
  A water moccasin (D:6)
  A sky beast (D:6)
  A lemure (D:4)
  A phantom (D:4)
  An elf zombie (Ossuary)
  A bullfrog (D:6)
  A gnoll sergeant (D:5)
  4 centaur zombies (Ossuary)
  4 hounds
  An orc priest (D:4)
  Terence (D:2)
  An iguana (D:5)
  An orc wizard (D:4)
  A hound zombie (Ossuary)
  3 mummies (Ossuary)
  7 gnolls
  4 adders
  An ufetubus (D:5)
  5 adder zombies (Ossuary)
  2 dart slugs
  11 orcs
  8 ball pythons
  2 bats
  9 endoplasms
  3 giant cockroaches
  2 gnoll zombies (Ossuary)
  6 goblins
  5 hobgoblins
  A jackal (D:4)
  3 quokkas
  10 frilled lizards
  3 goblin zombies (Ossuary)
  5 hobgoblin zombies (Ossuary)
  3 jackal zombies (Ossuary)
  3 kobolds
  4 kobold zombies (Ossuary)
  An orc zombie (Ossuary)
  3 quokka zombies (Ossuary)
  8 rats
  3 rat zombies (Ossuary)
138 creatures vanquished.

Vanquished Creatures (collateral kills)
  An ogre (D:6)
  A gnoll sergeant (D:6)
  An orc wizard (D:5)
  2 gnolls
5 creatures vanquished.

Vanquished Creatures (others)
  A hound zombie (Ossuary)
  A gnoll (D:6)
  A gnoll zombie (Ossuary)
3 creatures vanquished.

Grand Total: 146 creatures vanquished

Notes
Turn   | Place    | Note
-------+----------+-------------------------------------------
     0 | D:1      | cforsyth the Djinni Chaos Knight began the quest for the
                  | Orb.
     0 | D:1      | Reached XP level 1. HP: 20/20 MP: 0/0
   103 | D:1      | Reached XP level 2. HP: 15/25 MP: 0/0
   420 | D:1      | Reached XP level 3. HP: 30/30 MP: 0/0
   420 | D:1      | Learned a level 1 spell: Magic Dart
   505 | D:1      | XOM: silly message
   565 | D:2      | Noticed Terence
   597 | D:2      | XOM: potion effect (might)
   659 | D:2      | XOM: potion effect (heal wounds)
   662 | D:2      | XOM: confuse monster(s)
   748 | D:2      | Noticed Sigmund
   748 | D:2      | XOM: fake destruction
   887 | D:2      | Found a runed translucent door.
   888 | D:2      | Noticed Crazy Yiuf
   936 | D:2      | XOM: cleaving
   941 | D:2      | XOM: 4-stop teleportation journey
  1106 | D:3      | Found a faded altar of an unknown god.
  1147 | D:3      | XOM: give mutations
  1147 | D:3      | Gained mutation: You are partially covered in iridescent
                  | scales. (AC +2) [Xom's grace]
  1147 | D:3      | Gained mutation: You are agile. (Dex +4, Str/Int -1) [Xom's
                  | grace]
  1179 | D:3      | XOM: cloud trail
  1295 | D:3      | XOM: summons friendly shadow imp
  1306 | D:3      | Reached skill level 1 in Spellcasting
  1306 | D:3      | Reached skill level 1 in Conjurations
  1306 | D:3      | Reached skill level 1 in Hexes
  1306 | D:3      | Reached skill level 1 in Summonings
  1306 | D:3      | Reached skill level 1 in Necromancy
  1306 | D:3      | Reached skill level 1 in Translocations
  1306 | D:3      | Reached skill level 1 in Transmutations
  1306 | D:3      | Reached skill level 1 in Fire Magic
  1306 | D:3      | Reached skill level 1 in Ice Magic
  1306 | D:3      | Reached skill level 1 in Air Magic
  1306 | D:3      | Reached skill level 1 in Earth Magic
  1306 | D:3      | Reached skill level 1 in Poison Magic
  1306 | D:3      | Reached XP level 4. HP: 18/37 MP: 0/0
  1482 | D:3      | XOM: polymorph rat -> adder
  1762 | D:4      | Identified a scroll of acquirement
  1762 | D:4      | Acquired the amulet of Gokhlixoa {Reflect rElec Regen+
                  | Str-3 SH+5 SInv}
  1780 | D:4      | Noticed a lemure
  1817 | D:4      | Noticed a lemure
  1848 | D:4      | Noticed Eustachio
  1850 | D:4      | Found a sand-covered staircase.
  1851 | D:4      | XOM: enchant monster (good)
  1855 | Ossuary  | Entered an ossuary
  1961 | Ossuary  | XOM: scenery: create altars
  1965 | Ossuary  | Reached skill level 4 in Fighting
  1965 | Ossuary  | Reached XP level 5. HP: 41/41 MP: 0/0
  1965 | Ossuary  | Learned a level 2 spell: Searing Ray
  2077 | Ossuary  | Reached XP level 6. HP: 48/48 MP: 0/0
  2118 | Ossuary  | Reached skill level 5 in Fighting
  2236 | Ossuary  | XOM: swap monsters
  2273 | Ossuary  | XOM: give mutations
  2273 | Ossuary  | Gained mutation: You have a pair of small horns on your
                  | head. [Xom's grace]
  2273 | Ossuary  | Gained mutation: Your movements are slightly less
                  | encumbered by armour. (ER -2) [Xom's grace]
  2273 | Ossuary  | Gained mutation: You have a pair of horns on your head.
                  | [Xom's grace]
  2273 | Ossuary  | Gained mutation: You have very sharp teeth. [Xom's grace]
  2359 | D:4      | Reached XP level 7. HP: 41/54 MP: 0/0
  2359 | D:4      | Learned a level 3 spell: Mephitic Cloud
  2368 | D:4      | Killed Eustachio
  2393 | D:4      | XOM: give mutations
  2393 | D:4      | Gained mutation: You have a somewhat thin skeletal
                  | structure. (Dex +2, Stealth+) [Xom's grace]
  2393 | D:4      | Gained mutation: Your spells are a little harder to cast,
                  | but a little more powerful. [Xom's grace]
  2393 | D:4      | Gained mutation: You are robust. (+10% HP) [Xom's grace]
  2506 | D:4      | XOM: scenery: 1 doors close
  2558 | D:4      | Noticed Pikel
  2558 | D:4      | XOM: 4-stop teleportation journey
  2677 | D:4      | Reached skill level 6 in Fighting
  2753 | D:4      | Found Dainn's Fire Supplies.
  2840 | D:4      | Killed Pikel
  2841 | D:4      | Reached skill level 7 in Fighting
  2841 | D:4      | Reached XP level 8. HP: 32/70 MP: 0/0
  3016 | D:4      | XOM: polymorph orc -> frilled lizard
  3197 | D:4      | XOM: give mutation
  3197 | D:4      | Gained mutation: You are mostly covered in iridescent
                  | scales. (AC +4) [Xom's grace]
  3231 | D:2      | XOM: confuse monster(s)
  3239 | D:2      | Killed Terence
  3564 | D:2      | Killed Sigmund
  3893 | D:5      | Entered Level 5 of the Dungeon
  3902 | D:5      | XOM: polymorph iguana -> hound
  3911 | D:5      | Reached skill level 5 in Spellcasting
  3911 | D:5      | Reached skill level 5 in Conjurations
  3911 | D:5      | Reached skill level 5 in Hexes
  3911 | D:5      | Reached skill level 5 in Summonings
  3911 | D:5      | Reached skill level 5 in Necromancy
  3911 | D:5      | Reached skill level 5 in Translocations
  3911 | D:5      | Reached skill level 5 in Transmutations
  3911 | D:5      | Reached skill level 5 in Fire Magic
  3911 | D:5      | Reached skill level 5 in Ice Magic
  3911 | D:5      | Reached skill level 5 in Air Magic
  3911 | D:5      | Reached skill level 5 in Earth Magic
  3911 | D:5      | Reached skill level 5 in Poison Magic
  3981 | D:5      | Reached XP level 9. HP: 63/77 MP: 0/0
  3981 | D:5      | Learned a level 3 spell: Call Canine Familiar
  4038 | D:5      | Reached skill level 8 in Fighting
  4091 | D:5      | XOM: summons 5 hostile demons
  4172 | D:5      | Found a staircase to the Ecumenical Temple.
  4352 | D:5      | Found a white marble altar of Elyvilon.
  4406 | D:5      | XOM: give mutations
  4406 | D:5      | Lost mutation: You have a somewhat thin skeletal structure.
                  | (Dex +2, Stealth+) [Xom's mischief]
  4406 | D:5      | Lost mutation: You are robust. (+10% HP) [Xom's mischief]
  4406 | D:5      | Lost mutation: Your spells are a little harder to cast, but
                  | a little more powerful. [Xom's mischief]
  4406 | D:5      | Lost mutation: You are mostly covered in iridescent scales.
                  | (AC +4) [Xom's mischief]
  4805 | D:6      | XOM: enchant monster (bad)
  4833 | D:6      | XOM: draining
  4892 | D:6      | XOM: stat loss: -1 Dex (16/17)
  4899 | D:6      | XOM: fog
  4917 | D:6      | XOM: enchant monster (bad)
  4918 | D:6      | HP: 2/62 [gnoll sergeant/+0 trident (6)]
  4919 | D:6      | Lost mutation: You have a pair of horns on your head.
                  | [potion of mutation]
  4919 | D:6      | Lost mutation: You are partially covered in iridescent
                  | scales. (AC +2) [potion of mutation]
  4919 | D:6      | Gained mutation: Your spells are a little harder to cast,
                  | but a little more powerful. [potion of mutation]
  4919 | D:6      | Mangled by a gnoll sergeant

Illustrated notes

Levels and vault maps discovered:
D:1:      scummos_arrival_forest, layout_rooms, feat_on_display
D:2:      layout_loops_ring, uniq_sigmund, uniq_terence, uniq_crazy_yiuf_cottage
D:3:      layout_rooms, hellmonk_ecumenical_altar_zigzags
D:4:      layout_cave_pools, enter_ossuary_5, nicolae_shop_fire_sale
          [nicolae_sub_dead_trees], hangedman_abyss_or_decor_lesser_grid,
          grunt_decor_junction, minmay_vboxes, uniq_eustachio, uniq_pikel
D:5:      layout_gridville, mainiacjoe_overflow_divided_tiny,
          minmay_temple_entry_mini_moons
D:6:      layout_gridville, gammafunk_ghost_necromancy

Skill      XL: |  1  2  3  4  5  6  7  8  9 |
---------------+----------------------------+-----
Spellcasting   | 1 2 3 4 5 |  5.9
Conjurations   | 1 2 3 4 5 |  5.9
Hexes          | 1 2 3 4 5 |  5.9
Summonings     | 1 2 3 4 5 |  5.9
Necromancy     | 1 2 3 4 5 |  5.9
Translocations | 1 2 3 4 5 |  5.9
Transmutations | 1 2 3 4 5 |  5.9
Fire Magic     | 1 2 3 4 5 |  5.9
Ice Magic      | 1 2 3 4 5 |  5.9
Air Magic      | 1 2 3 4 5 |  5.9
Earth Magic    | 1 2 3 4 5 |  5.9
Poison Magic   | 1 2 3 4 5 |  5.9
Fighting       | 4 5 7 8 |  8.8
Long Blades    | |  2.9
Armour         | |  1.4
Dodging        | |  2.5

Action                     |  1- 3 |  4- 6 |  7- 9 || total
---------------------------+-------+-------+-------++-------
  Melee: Falchion          |    66 |    97 |       ||   163
         Punch             |       |     2 |       ||     2
   Cast: Magic Dart        |    57 |   138 |   173 ||   368
         Searing Ray       |       |     8 |    33 ||    41
         Mephitic Cloud    |       |       |    17 ||    17
         Call Canine Famil |       |       |    12 ||    12
    Use: Scroll            |     5 |     3 |     1 ||     9
         Potion            |     2 |       |     1 ||     3
   Stab: Confused          |       |     1 |       ||     1
 Armour: Leather armour    |    77 |   136 |    95 ||   308
  Dodge: Dodged            |    71 |   111 |    76 ||   258
  Block: Buckler           |    15 |     4 |       ||    19
         Other             |       |    34 |    37 ||    71

Table legend: (Time is in decaauts)
 A = Elapsed time spent in this place.
 B = Non-inter-level travel time spent in this place.
 C = Inter-level travel time spent in this place.
 D = Time resting spent in this place.
 E = Time spent auto-exploring this place.
 F = Levels seen in this place.
 G = Mean time per level.
                   A        B        C        D        E       F      G
               +--------+--------+--------+--------+--------+-----+--------+
         Total |   4944 |   4771 |    173 |    123 |   3202 |   7 |  706.3 |
       Dungeon |   4436 |   4263 |    173 |    123 |   3030 |   6 |  739.3 |
       Ossuary |    507 |    507 |      0 |      0 |    172 |   1 |  507.0 |
               +--------+--------+--------+--------+--------+-----+--------+

Top non-repeatable levels by time:
     D:2: 1040 daAuts
     D:4: 959 daAuts
     D:3: 837 daAuts
     D:5: 811 daAuts
     D:1: 574 daAuts
 Ossuary: 507 daAuts
     D:6: 213 daAuts
